 Dungeon Crawl Stone Soup version 0.13-a0-2682-gb26bf1a (webtiles) character file.

109 Rycklaryybbe the Sneak (level 3, 31/31 HPs)
             Began as a Naga Assassin on Aug 13, 2013.
             Quit the game on Level 2 of the Dungeon.
             The game lasted 00:03:32 (1170 turns).

Rycklaryybbe the Sneak (Naga Assassin)              Turns: 1170, Time: 00:03:32

HP  31/31        AC  3     Str 13      XL: 3   Next: 35%
MP   2/2         EV  9     Int 11      God:
Gold 74          SH  0     Dex 13      Spells:  0 memorised,  2 levels left

Res.Fire  : . . .   See Invis. : +   w - +2,+0 flail (drain)
Res.Cold  : . . .   Warding    : .   c - +0 robe
Life Prot.: . . .   Conserve   : .   (no shield)
Res.Poison: +       Res.Corr.  : .   (no helmet)
Res.Elec. : .       Clarity    : .   d - +0 cloak
Sust.Abil.: . .     Spirit.Shd : .   (no gloves)
Res.Mut.  : .       Stasis     : .   (no barding)
Res.Rott. : .       Flight     : .   (no amulet)
Saprovore : . . .                    (no ring)
                                     (no ring)

@: drained, very slow, slightly resistant to hostile enchantments, very stealthy
A: spit poison, see invisible, deformed body, poison resistance, slowness 2, AC
+1
a: Spit Poison


You were on level 2 of the Dungeon.
You were hungry.

You visited 1 branch of the dungeon, and saw 2 of its levels.

You collected 24 gold pieces.

Inventory:

Hand weapons
 a - a +2,+2 dagger {=f}
 b - a +0 blowgun
 j - a cursed +0,+0 dwarven dagger (quivered)
 q - a +2,+1 dagger of venom
 w - a +2,+0 flail of draining (weapon)
Missiles
 e - 8 poisoned needles
 f - 2 curare-tipped needles
 l - 25 arrows
Armour
 c - a +0 robe (worn)
 d - a +0 cloak (worn)
 x - a +0 chain mail
Magical devices
 v - a wand of random effects (10) {unknown}
Comestibles
 g - 2 bread rations
 h - a snozzcumber
 n - a pear
 z - a rotting chunk of goblin flesh
Scrolls
 i - 2 scrolls of recharging {unknown}
 k - 2 scrolls of identify {unknown}
 p - a scroll of amnesia {unknown}
 r - 2 scrolls of fear {unknown}
 u - a scroll of blinking {unknown}
Potions
 m - 2 potions of curing {unknown}
 o - a potion of mutation {unknown}
 s - a potion of might {unknown}
 t - a potion of restore abilities {unknown}


   Skills:
 - Level 2.0(1.9) Fighting
 - Level 2.6(2.5) Short Blades
 + Level 0.4(0.3) Maces & Flails
 - Level 1.7(1.6) Throwing
 - Level 0.7(0.6) Dodging
 - Level 6.9(6.8) Stealth


You had 2 spell levels left.
You didn't know any spells.

Dungeon Overview and Level Annotations

Branches:
Dungeon (2/27)

Altars:


Innate Abilities, Weirdness & Mutations

You cannot wear boots.
You can spit poison.
Your serpentine skin is tough (AC +1).
You have supernaturally acute eyesight.
Armour fits poorly on your strangely shaped body.
Your system is resistant to poisons.
You cover ground very slowly.


Message History

The giant gecko is almost dead.
The giant gecko bites you.
You hit the giant gecko. You drain the giant gecko!
You kill the giant gecko!
No target in view!
You start resting.
You are feeling hungry.
You start resting.
The smell of rotting flesh makes you sick. (slot z)
You start resting.
HP restored.
You see here a rotting quokka corpse.
You start butchering the rotting quokka corpse with your knife.
You continue butchering the corpse.
You finish chopping the rotting quokka corpse into pieces.
You see here a rotting chunk of quokka flesh.
Eat which item? (? for menu, Esc to quit)
Okay, then.
Found a whip.
Are you sure you want to abandon this character and quit the game? (Confirm with "yes".)

#### ##+###### #### #+##
##.......# #...
......#........# #>..
........@%)....### #...
.......#.......'.#####...
..... #.......#.....'...
.... #...<..%#######...
.). #.......# #... .
#..<....# #### #.......#
#########


There were no monsters in sight!

Vanquished Creatures
  Terence (D:2)
  A giant gecko (D:2)
  4 giant cockroaches
  3 hobgoblins
  A quokka (D:2)
  3 bats (D:1)
  4 goblins
  4 rats
21 creatures vanquished.

Notes
Turn   | Place    | Note
--------------------------------------------------------------
     0 | D:1      | Rycklaryybbe, the Naga Assassin, began the quest for the Orb.
     0 | D:1      | Reached XP level 1. HP: 18/18 MP: 0/0
    23 | D:1      | Reached skill level 6 in Stealth
   283 | D:1      | Reached XP level 2. HP: 25/25 MP: 1/1
   812 | D:2      | Noticed Terence
   823 | D:2      | Killed Terence
   823 | D:2      | Reached XP level 3. HP: 27/31 MP: 2/2
  1170 | D:2      | Quit the game

Action                   || total
-------------------------++-------
Melee: Dagger            ||    31
       Flail             ||    20
 Abil: Spit Poison       ||     1
 Stab: Sleeping          ||    10
